 Dungeon Crawl Stone Soup version 0.30.1-4-g462c640d31 (webtiles) character file.

Game seed: 10771271643885467749

2788 Zeor the Carver (level 9, 0/65 HPs)
             Began as a Demonspawn Gladiator on Sept 6, 2023.
             Was a Priest of Okawaru.
             Succumbed to a killer bee's poison
             ... on level 10 of the Dungeon.
             The game lasted 00:19:53 (7734 turns).

Zeor the Carver (Demonspawn Gladiator)              Turns: 7734, Time: 00:19:53

Health: 0/65       AC: 10    Str: 19    XL:     9   Next: 43%
Magic:  14/14      EV: 13    Int: 11    God:    Okawaru [***...]
Gold:   138        SH:  0    Dex: 21    Spells: 14/14 levels left

rFire   + . .        a - +0 scimitar
rCold   . . .        (no shield)
rNeg    . . .        v - +0 ring mail
rPois   .            (helmet restricted)
rElec   .            (no cloak)
rCorr   .            B - +2 pair of gloves
SInv    .            g - +0 pair of boots
Will    .....        (no amulet)
Stlth   +++          u - +6 ring of strength
HPRegen 0.30/turn    x - ring of protection from fire
MPRegen 0.14/turn

%: no passive effects
@: lethally poisoned (0 -> -5)
A: (demonic guardian 2), demonic magic 2, demonic touch 1, beak, camouflage 1,
agile 1, subdued magic 1
a: Renounce Religion, Heroism


You were on level 10 of the Dungeon.
You worshipped Okawaru.
Okawaru was most pleased with you.
You visited 2 branches of the dungeon, and saw 9 of its levels.

You collected 337 gold pieces.
You spent 199 gold pieces at shops.

Inventory:

Hand Weapons
 a - a +0 scimitar (weapon)
 d - a +0 long sword of flaming
Missiles
 e - a javelin
 i - 5 atropa-tipped darts
 o - 5 poisoned darts
 s - 10 boomerangs (quivered)
 y - 2 throwing nets
Armour
 c - a +0 helmet
 g - a +0 pair of boots (worn)
 k - the +3 chain mail "Jaofoij" {Int+2}
   (You bought it in a shop on level 1 of the Dungeon)

   Int:       It affects your intelligence (+2).
 v - a +0 ring mail (worn)
 B - a +2 pair of gloves (worn)
Magical Staves
 r - a staff of fire
Jewellery
 b - a ring of flight
 l - a ring of fire
 n - an amulet of magic regeneration
 u - a +6 ring of strength (left hand)
 x - a ring of protection from fire (right hand)
Scrolls
 q - 3 scrolls of fog
 t - 2 scrolls of teleportation
 w - a scroll of identify
Potions
 f - a potion of lignification
 h - a potion of berserk rage
 j - 5 potions of might
 p - 3 potions of flight
 z - a potion of ambrosia


   Skills:
 + Level 4.0 Fighting
 * Level 8.6 Long Blades
 + Level 2.5 Throwing
 + Level 4.3 Armour
 + Level 3.6 Dodging
 + Level 1.5 Stealth
 * Level 3.4 Spellcasting
 + Level 0.8 Fire Magic
 * Level 5.4 Invocations


You had 14 spell levels left.
You didn't know any spells.
Your spell library contained the following spells:

 Spells                   Type           Power      Damage    Failure   Level
 Ensorcelled Hibernation  Hex/Ice        2%         N/A       50%         2
 Spider Form              Tmut/Pois      1%         N/A       73%         3
 Anguish                  Hex/Necr       0%         N/A       98%         4


Dungeon Overview and Level Annotations

Branches:
Dungeon (7/15)             Temple (1/1) D:4

Altars:
Ashenzari
Cheibriados
Dithmenos
Fedhas
Gozag
Hepliaklqana
Kikubaaqudgha
Makhleb
Okawaru
Qazlal
Ru
Sif Muna
Trog
Uskayaw
Vehumet
Xom
Yredelemnul

Shops:
D:1 *


Innate Abilities, Weirdness & Mutations

((A demonic guardian rushes to your aid.))
Spells you cast may paralyse nearby enemies.
Your touch may inflict minor irresistible damage on your foes.
You have a beak for a mouth.
Your skin changes colour to match your surroundings (Stealth+).
You are agile. (Dex +4, Str/Int -1)
Your spells are a little easier to cast, but a little less powerful.


Message History

You feel sick. The killer bee stings you.
* * * LOW HITPOINT WARNING * * *
You are lethally poisoned!
The killer bee poisons you!
The killer bee stings you but does no damage.
Okay, then.
Really quaff the potion of lignification?
You turn into a tree.
Your +0 helmet melds into your body.
Your +2 pair of gloves melds into your body.
Your +0 pair of boots melds into your body.
Your +0 ring mail melds into your body.
Your roots penetrate the ground.
* * * LOW HITPOINT WARNING * * *
You feel very sick.
The killer bee stings you but does no damage.
The killer bee stings you.
* * * LOW HITPOINT WARNING * * *
You slash the killer bee!
You kill the killer bee!
Okawaru accepts your kill.
* * * LOW HITPOINT WARNING * * *
You feel very sick.
You cannot move.
Your magical effects are unravelling.
You feel magically purged.
You feel less wooden.
Your +0 helmet unmelds from your body.
Your +2 pair of gloves unmelds from your body.
Your +0 pair of boots unmelds from your body.
Your +0 ring mail unmelds from your body.
* * * LOW HITPOINT WARNING * * *
You feel sick.
Really quaff the potion of mutation?
You feel extremely strange.
Your mouth lengthens and hardens into a beak!
Your +0 helmet falls away!
Your skin functions as natural camouflage.
Your connection to magic feels subdued.
You feel agile.
* * * LOW HITPOINT WARNING * * *
You feel sick.
You die...

∙∙▒▒∙▒∙▒▒▒▒▒∙▒
∙∙▒▒∙▒∙▒▒∙∙∙∙▒
∙∙▒▒∙▒∙▒▒∙▒▒∙▒
■▒▒▒∙▒∙∙∙∙∙∙∙▒
∙∙∙∙∙▒▒▒▒∙▒▒▒▒ ∙∙∙▒▒▒
▒∙▒▒ ∙∙∙∙▒▒ ▒∙∙▒▒
∙∙∙∙∙▒▒▒▒∙∙∙▒▒▒▒▒▒▒▒▒∙▒∙
∙∙∙∙∙'∙∙∙∙∙∙∙∙∙∙6†∙∙∙∙∙∙
∙∙∙∙∙▒▒▒▒∙∙∙▒▒▒▒▒▒▒▒▒∙∙∙
∙∙∙∙▒▒ ▒∙∙▒▒ ∙∙∙▒▒ ▒∙▒▒▒
∙∙▒▒ ▒∙∙∙▒ ■▒▒ ▒▒▒∙▒ ▒∙▒
▒∙▒ ▒∙▒


There were no monsters in sight!

Vanquished Creatures
  5 yaks (D:10)
  A shadow (D:10)
  An orc warrior (D:6)
  2 ice beasts (D:6)
  A black bear (D:5)
  A sky beast (D:6)
  An ogre (D:6)
  A bullfrog (D:6)
  2 scorpions
  6 wights (D:6)
  5 killer bees (D:10)
  3 jellies
  2 howler monkeys
  3 hounds (D:5)
  An orc priest (D:4)
  3 orc wizards (D:6)
  2 iguanas
  2 sleepcaps
  8 adders
  An ufetubus (D:5)
  3 worms
  2 dart slugs (D:2)
  8 orcs
  4 ball pythons
  4 endoplasms
  3 giant cockroaches
  5 goblins
  8 hobgoblins
  8 jackals
  3 quokkas
  5 bats
  3 frilled lizards
  4 kobolds
  7 rats
118 creatures vanquished.

Vanquished Creatures (collateral kills)
  An adder (D:2)
  A bat (D:2)
2 creatures vanquished.

Grand Total: 120 creatures vanquished

Notes
Turn   | Place    | Note
-------+----------+-------------------------------------------
     0 | D:1      | Zeor the Demonspawn Gladiator began the quest for the Orb.
     0 | D:1      | Reached XP level 1. HP: 16/16 MP: 1/1
    98 | D:1      | Found Dimeakka's Assorted Antiques.
   372 | D:1      | Gained mutation: A weak demonic guardian rushes to your
                  | aid. [demonic ancestry]
   372 | D:1      | Reached XP level 2. HP: 18/22 MP: 2/2
   376 | D:1      | Reached skill level 3 in Long Blades
  1079 | D:2      | Reached XP level 3. HP: 21/28 MP: 3/3
  1389 | D:2      | Reached skill level 1 in Armour
  1466 | D:2      | Reached XP level 4. HP: 34/34 MP: 4/4
  1740 | D:2      | Reached skill level 4 in Long Blades
  3019 | D:3      | Found an ancient bone altar of Kikubaaqudgha.
  3907 | D:4      | Found a staircase to the Ecumenical Temple.
  3929 | D:4      | Gained mutation: A demonic guardian rushes to your aid.
                  | [demonic ancestry]
  3929 | D:4      | Reached XP level 5. HP: 37/39 MP: 5/5
  3934 | Temple   | Entered the Ecumenical Temple
  3997 | Temple   | Became a worshipper of Warmaster Okawaru
  4110 | D:4      | Found a bloodstained altar of Trog.
  4147 | D:4      | Found a radiant altar of Vehumet.
  4462 | D:5      | Entered Level 5 of the Dungeon
  4615 | D:5      | Reached skill level 5 in Long Blades
  4711 | D:5      | Gained mutation: Spells you cast may paralyse adjacent
                  | enemies. [demonic ancestry]
  4711 | D:5      | Reached XP level 6. HP: 35/46 MP: 6/6
  4831 | D:5      | Reached skill level 1 in Stealth
  4831 | D:5      | Reached skill level 1 in Invocations
  5315 | D:5      | Reached * piety under Okawaru
  5316 | D:5      | Reached skill level 6 in Long Blades
  5316 | D:5      | Gained mutation: Spells you cast may paralyse nearby
                  | enemies. [demonic ancestry]
  5316 | D:5      | Reached XP level 7. HP: 28/51 MP: 8/8
  5498 | D:5      | Reached skill level 1 in Spellcasting
  5980 | D:6      | Reached ** piety under Okawaru
  5993 | D:6      | Found a broken altar of Ashenzari.
  6004 | D:6      | Reached XP level 8. HP: 27/58 MP: 10/10
  6164 | D:6      | Reached skill level 7 in Long Blades
  6813 | D:6      | Found a large runed translucent door.
  6814 | D:6      | Found a large runed translucent door.
  6825 | D:6      | Found a burning altar of Makhleb.
  6849 | D:6      | Found a basalt altar of Yredelemnul.
  7354 | D:1      | Bought a jewelled chain mail for 199 gold pieces
  7354 | D:1      | Identified the +3 chain mail "Jaofoij" {Int+2} (You bought
                  | it in a shop on level 1 of the Dungeon)
  7478 | D:7      | You are sucked into a shaft and drop 3 floors!
  7478 | D:10     | Entered Level 10 of the Dungeon
  7531 | D:10     | Reached *** piety under Okawaru
  7681 | D:10     | Reached skill level 8 in Long Blades
  7681 | D:10     | Gained mutation: Your touch may inflict minor irresistible
                  | damage on your foes. [demonic ancestry]
  7681 | D:10     | Reached XP level 9. HP: 65/65 MP: 10/13
  7698 | D:10     | Reached skill level 5 in Invocations
  7732 | D:10     | HP: 3/65 [poisoned by a killer bee]
  7733 | D:10     | Gained mutation: You have a beak for a mouth. [potion of
                  | mutation]
  7733 | D:10     | Gained mutation: Your skin changes colour to match your
                  | surroundings (Stealth+). [potion of mutation]
  7733 | D:10     | Gained mutation: Your spells are a little easier to cast,
                  | but a little less powerful. [potion of mutation]
  7733 | D:10     | Gained mutation: You are agile. (Dex +4, Str/Int -1)
                  | [potion of mutation]
  7734 | D:10     | Succumbed to a killer bee's poison

Illustrated notes

Levels and vault maps discovered:
D:1:      minmay_arrival_plants_in_alcoves, layout_loops_corners, serial_forest,
          infiniplex_forest_lined_ring, infiniplex_forest_corner_1,
          infiniplex_forest_clump_C, infiniplex_forest_clump_diagonal,
          infiniplex_forest_corner_2, infiniplex_forest_lined_2,
          infiniplex_forest_clump_small, serial_shops, nicolae_shop_peninsula,
          fountainhead, st_stairs_9
D:2:      layout_basic, kennysheep_generic_room_16
D:3:      layout_loops_corners, marbit_many_paths
D:4:      layout_gridville, mainiacjoe_overflow_tiny_flanked,
          fiery_altar_vehumet, minmay_temple_entry_proselytizer
D:5:      layout_loops_corners
D:6:      layout_rooms, mainiacjoe_overflow_chevrons, jmf_multi_god_temple2
D:7:      layout_loops_cross, ebering_ghost_reflecting_pool, enter_bailey_3,
          uniq_prince_ribbit1
D:10:     layout_loops_corners, nemelex_spade_bored_becter
Temple:   nicolae_temple_ecumenical_triangle

Skill      XL: |  1  2  3  4  5  6  7  8  9 |
---------------+----------------------------+-----
Long Blades    | 3 4 5 6 8 |  8.6
Armour         | 1 2 3 4 |  4.3
Dodging        | 3 |  3.6
Stealth        | 1 |  1.5
Invocations    | 1 2 4 5 |  5.4
Spellcasting   | 1 3 |  3.4
Fighting       | 3 4 |  4.0
Throwing       | 2 |  2.5
Fire Magic     | |  0.8

Action                     |  1- 3 |  4- 6 |  7- 9 || total
---------------------------+-------+-------+-------++-------
  Melee: Long sword        |    82 |   168 |   183 ||   433
         Punch             |       |     3 |     8 ||    11
         Scimitar          |       |       |    62 ||    62
         Touch             |       |       |    12 ||    12
  Throw: Boomerang         |       |     1 |     3 ||     4
         Throwing net      |       |       |     3 ||     3
 Invoke: Heroism           |       |       |     3 ||     3
    Use: Scroll            |     5 |    11 |     4 ||    20
         Potion            |       |     1 |     6 ||     7
   Stab: Sleeping          |       |     5 |       ||     5
         Distracted        |       |     1 |       ||     1
 Armour: Leather armour    |    39 |    34 |       ||    73
         Chain mail        |       |    19 |       ||    19
         Ring mail         |       |    14 |    86 ||   100
         Skin              |       |       |     1 ||     1
  Dodge: Dodged            |    64 |    88 |   133 ||   285
